[gd_scene load_steps=15 format=2]

[ext_resource path="res://scenes/map.gd" type="Script" id=1]
[ext_resource path="res://levels/rex32.tscn" type="PackedScene" id=2]

[sub_resource type="RectangleShape2D" id=1]
extents = Vector2( 421.5, 3815 )

[sub_resource type="RectangleShape2D" id=2]
extents = Vector2( 431, 1263 )

[sub_resource type="RectangleShape2D" id=3]
extents = Vector2( 431, 630 )

[sub_resource type="RectangleShape2D" id=12]
extents = Vector2( 431, 649 )

[sub_resource type="RectangleShape2D" id=10]
extents = Vector2( 373.5, 936.5 )

[sub_resource type="RectangleShape2D" id=4]
extents = Vector2( 431, 606 )

[sub_resource type="RectangleShape2D" id=5]
extents = Vector2( 431, 651 )

[sub_resource type="RectangleShape2D" id=6]
extents = Vector2( 886, 300 )

[sub_resource type="RectangleShape2D" id=7]
extents = Vector2( 912, 300 )

[sub_resource type="RectangleShape2D" id=8]
extents = Vector2( 885, 281.5 )

[sub_resource type="RectangleShape2D" id=9]
extents = Vector2( 717, 282.25 )

[sub_resource type="RectangleShape2D" id=11]
extents = Vector2( 881.5, 308.5 )

[node name="Map" type="Node2D"]
script = ExtResource( 1 )
map_width_screens = 13
start_room = 50

[node name="ScrollingRegions" type="Area2D" parent="."]
z_index = 1
collision_layer = 0

[node name="CollisionShape2D" type="CollisionShape2D" parent="ScrollingRegions"]
position = Vector2( 10027.5, 4158 )
shape = SubResource( 1 )

[node name="CollisionShape2D2" type="CollisionShape2D" parent="ScrollingRegions"]
position = Vector2( 9087, 10135 )
shape = SubResource( 2 )

[node name="CollisionShape2D3" type="CollisionShape2D" parent="ScrollingRegions"]
position = Vector2( 11024, 7366 )
shape = SubResource( 3 )

[node name="CollisionShape2D4" type="CollisionShape2D" parent="ScrollingRegions"]
position = Vector2( 11024, 5386 )
shape = SubResource( 12 )

[node name="CollisionShape2D9" type="CollisionShape2D" parent="ScrollingRegions"]
position = Vector2( 10091.5, 13060.5 )
shape = SubResource( 10 )

[node name="CollisionShape2D5" type="CollisionShape2D" parent="ScrollingRegions"]
position = Vector2( 11036, 3375 )
shape = SubResource( 4 )

[node name="CollisionShape2D10" type="CollisionShape2D" parent="ScrollingRegions"]
position = Vector2( 11035, 1332 )
shape = SubResource( 5 )

[node name="CollisionShape2D6" type="CollisionShape2D" parent="ScrollingRegions"]
position = Vector2( 10563, 9730 )
shape = SubResource( 6 )

[node name="CollisionShape2D7" type="CollisionShape2D" parent="ScrollingRegions"]
position = Vector2( 10543, 9080 )
shape = SubResource( 7 )

[node name="CollisionShape2D11" type="CollisionShape2D" parent="ScrollingRegions"]
position = Vector2( 10545, 10376.5 )
shape = SubResource( 8 )

[node name="CollisionShape2D12" type="CollisionShape2D" parent="ScrollingRegions"]
position = Vector2( 10418, 11105.2 )
shape = SubResource( 9 )

[node name="CollisionShape2D14" type="CollisionShape2D" parent="ScrollingRegions"]
position = Vector2( 3347.5, 6703.5 )
shape = SubResource( 9 )

[node name="CollisionShape2D13" type="CollisionShape2D" parent="ScrollingRegions"]
position = Vector2( 11482.5, 11769.5 )
shape = SubResource( 11 )

[node name="Area1" parent="." instance=ExtResource( 2 )]

[connection signal="body_exited" from="ScrollingRegions" to="." method="_on_ScrollingRegions_body_exited"]
[connection signal="body_shape_entered" from="ScrollingRegions" to="." method="_on_ScrollingRegions_body_shape_entered"]
